cohdb
Replays
Latest Replays
All Replays
Popular Replays
Top Player Replays
Match Explorer
How It Works
Community
CoH3 Stats
Reddit
Sign in to upload your games and track your stats! →
Sign in with Steam
test
Unlisted
Match 19103829
Overview
Messages
Build Orders
End
Construct Barracks
Selects Armored Battlegroup
Selects Veteran Crews
Selects Fast Deploy
1⁄4-ton 4x4 Truck
Riflemen Squad
Riflemen Squad
Infantry Support Center
Riflemen Squad
Construct Motor Pool
Selects M31 Recovery Vehicle
M8 Greyhound Armored Car
Selects War Machine
Engineer Squad
Construct Medical Station
M1918 Browning Automatic Rifles
M1 Mortar Team
M1 Anti-tank Gun Team
Grenade Package
Advanced Logistics
Advanced Logistics
Selects Seek and Destroy
M24 Chaffee Light Tank
Survival Training
Riflemen Squad
Selects M4A3E8 Sherman Combat Group
M4A3E8 Sherman Combat Group
M4A3E8 Sherman Combat Group
.30 cal Machine Gun
Jesulin
DexN
0
0
Comments
sign in to comment!
No comments posted yet!